 Dungeon Crawl Stone Soup version 0.28.0-1-gb440e238dd (webtiles) character file.

Game seed: 3488471249118066438

121 issech the Cudgeller (level 4, -1/44 HPs)
             Began as a Troll Monk on Feb 27, 2022.
             Succumbed to a scorpion's poison
             ... on level 3 of the Dungeon.
             The game lasted 00:07:23 (1952 turns).

issech the Cudgeller (Troll Monk)                   Turns: 1952, Time: 00:07:23

Health: -1/44      AC:  4    Str: 19    XL:     4   Next: 76%
Magic:  12/12      EV: 10    Int:  6    God:
Gold:   97         SH:  0    Dex: 14    Spells: 3/3 levels left

rFire   . . .      SeeInvis +   a - +0 mace
rCold   . . .      Faith    .   (no shield)
rNeg    . . .      Spirit   .   b - +0 robe
rPois   .          Reflect  .   (helmet restricted)
rElec   .          Harm     .   (no cloak)
rCorr   .          Rampage  .   (gloves unavailable)
Will    .....                   (boots unavailable)
Stlth   ++........              (no amulet)
HPRegen 0.94/turn               c - ring of see invisible
MPRegen 0.13/turn               h - ring of magical power

@: lethally poisoned (-1 -> -15)
A: large, unfitting armour, claws 3, regeneration 1, shaggy fur 1, tough skin 1
a: no special abilities


You were on level 3 of the Dungeon.
You visited 1 branch of the dungeon, and saw 3 of its levels.

You collected 97 gold pieces.

Inventory:

Hand Weapons
 a - a +0 mace (weapon)
 k - a +0 hunting sling
Missiles
 e - 71 stones (quivered)
 f - 36 sling bullets
Armour
 b - a +0 robe (worn)
Jewellery
 c - a ring of see invisible (left claw)
 h - a ring of magical power (right claw)
 q - a ring of ice
Scrolls
 g - a scroll of enchant armour {unknown}
 j - a scroll of teleportation {unknown}
 n - 2 scrolls of amnesia {unknown}
 o - 2 scrolls of magic mapping {unknown}
 r - a scroll of identify {unknown}
Potions
 d - 3 potions of lignification {unknown}
 i - 2 potions of might {unknown}
 l - a potion of berserk rage {unknown}
 m - a potion of attraction {unknown}
 p - a potion of mutation {unknown}


   Skills:
 + Level 2.9 Fighting
 + Level 4.0 Maces & Flails
 + Level 3.1 Dodging
 + Level 1.1 Stealth


You had 3 spell levels left.
You didn't know any spells.
Your spell library contained the following spells:

 Spells                   Type           Power      Damage    Failure   Level
 Blink                    Tloc           0%         N/A       58%         2
 Ensorcelled Hibernation  Hex/Ice        0%         N/A       58%         2
 Passwall                 Tmut/Erth      0%         N/A       58%         2
 Lesser Beckoning         Tloc           0%         N/A       83%         3
 Swiftness                Air            0%         N/A       83%         3
 Manifold Assault         Tloc           0%         N/A       100%        5


Dungeon Overview and Level Annotations

Branches:
Dungeon (3/15)

Altars:
Gozag
Makhleb


Innate Abilities, Weirdness & Mutations

You are too large for most types of armour.
You have claws for hands.
Your natural rate of healing is unusually fast.
You are covered in fur. (AC +1)
You have tough skin. (AC +1)


Message History

You feel sick.
You feel sick. The scorpion stings you.
* * * LOW HITPOINT WARNING * * *
You feel sick.
You feel sick.
You feel sick.
You are no longer poisoned.
Found an escape hatch in the floor.
The scorpion barely misses you. The scorpion stings you.
* * * LOW HITPOINT WARNING * * *
The scorpion stings you.
* * * LOW HITPOINT WARNING * * *
You are poisoned.
The scorpion poisons you!
You feel very sick.
You feel sick.
You feel sick.
You feel sick.
You feel sick. The scorpion barely misses you.
You feel sick.
You feel sick.
You feel sick.
You feel sick.
You are no longer poisoned.
The scorpion stings you.
* * * LOW HITPOINT WARNING * * *
The scorpion stings you.
* * * LOW HITPOINT WARNING * * *
Unknown command.
The scorpion stings you but does no damage.
You barely miss the scorpion. The scorpion stings you.
* * * LOW HITPOINT WARNING * * *
You are poisoned.
The scorpion poisons you! The scorpion stings you!
* * * LOW HITPOINT WARNING * * *
You are more poisoned.
The scorpion poisons you!
You sock the scorpion!
The scorpion is heavily wounded.
You die...

###......#.## ###..###.#. ##.
##### #### #.## .. #...# #.#.
#. #.<<### ###.## #.# #.....#
#..<.. #####..########.....##
#.####
#.....#.##...#.......###.###.
#.#.....#@s.............#.
#...##...#.......###.....
##.#######.......# #.#.#. #.#
#.....#.###..... #.#
#.....#...#..... #.#
#.♣♣♣..._...♣♣♣♣ #.####
#..♣♣♣♣...♣♣♣♣♣♣ #....#
#.....♣♣♣♣♣♣.... ####.#
#.♣....♣♣♣......


You could see a scorpion.

Vanquished Creatures
  Ijyb (D:3)
  4 adders
  2 worms
  2 dart slugs
  4 ball pythons
  6 endoplasms
  2 giant cockroaches (D:1)
  6 goblins
  4 hobgoblins
  A kobold (D:1)
  2 quokkas
  9 bats
  A frilled lizard (D:2)
  7 rats
51 creatures vanquished.

Vanquished Creatures (others)
  3 minotaurs (D:1)
  A demonspawn (D:1)
  An octopode (D:1)
  An elf (D:1)
  2 humans (D:1)
  2 demigods (D:1)
  A naga (D:1)
  2 ogres (D:1)
  A gnoll (D:1)
  A kobold (D:1)
  6 tentacles (D:1)
21 creatures vanquished.

Grand Total: 72 creatures vanquished

Notes
Turn   | Place    | Note
-------+----------+-------------------------------------------
     0 | D:1      | issech the Troll Monk began the quest for the Orb.
     0 | D:1      | Reached XP level 1. HP: 22/22 MP: 0/0
     2 | D:1      | Noticed an ogre
     2 | D:1      | Noticed an ogre
     2 | D:1      | Noticed a human
     2 | D:1      | Noticed a demigod
     2 | D:1      | Noticed a demonspawn
     2 | D:1      | Noticed a human
     2 | D:1      | Noticed an elf
     2 | D:1      | Noticed a kraken
     2 | D:1      | Noticed a minotaur
     2 | D:1      | Noticed an octopode
     2 | D:1      | Noticed a minotaur
     2 | D:1      | Noticed a naga
     2 | D:1      | Noticed a minotaur
     2 | D:1      | Noticed a demigod
     3 | D:1      | Killed a human
     4 | D:1      | Killed an elf
     4 | D:1      | Killed an ogre
     5 | D:1      | Killed a human
     6 | D:1      | Killed an ogre
     7 | D:1      | Killed an octopode
     7 | D:1      | Killed a demigod
    10 | D:1      | Killed a naga
    10 | D:1      | Killed a demonspawn
    11 | D:1      | Killed a demigod
    14 | D:1      | Killed a minotaur
    15 | D:1      | Killed a minotaur
    16 | D:1      | Killed a minotaur
    75 | D:1      | Found a faded altar of an unknown god.
    75 | D:1      | Noticed a floating eye
    82 | D:1      | Noticed a shining eye
    87 | D:1      | Noticed a floating eye
    88 | D:1      | Noticed a floating eye
   217 | D:1      | Reached XP level 2. HP: 29/29 MP: 1/1
   260 | D:1      | Reached skill level 3 in Maces & Flails
   753 | D:2      | Reached XP level 3. HP: 36/36 MP: 2/2
  1270 | D:2      | Reached XP level 4. HP: 36/44 MP: 3/3
  1530 | D:3      | Noticed Ijyb
  1533 | D:3      | Found a burning altar of Makhleb.
  1583 | D:3      | Killed Ijyb
  1584 | D:3      | Reached skill level 4 in Maces & Flails
  1609 | D:3      | Found an opulent altar of Gozag.
  1824 | D:3      | Noticed a scorpion
  1845 | D:3      | HP: 2/44 [poisoned by a scorpion]
  1850 | D:3      | HP: 2/44 [poisoned by a scorpion]
  1936 | D:3      | HP: 2/44 [scorpion (6)]
  1952 | D:3      | Succumbed to a scorpion's poison

Illustrated notes

Levels and vault maps discovered:
D:1:      nicolae_arrival_kraken_aquarium_b, layout_loops_cross,
          hellmonk_ecumenical_altar_watching_god
D:2:      layout_loops_ring, minmay_misc_feat_room, minmay_tall_x
D:3:      minmay_razor_zed, layout_loops_cross,
          mainiacjoe_overflow_catch_the_wave, st_stairs_10, uniq_ijyb

Skill      XL: |  1  2  3  4 |
---------------+-------------+-----
Maces & Flails | 3 4 |  4.0
Dodging        | 3 |  3.1
Fighting       | |  2.9
Stealth        | |  1.1

Action                   |  1- 3 |  4- 6 || total
-------------------------+-------+-------++-------
Melee: Mace              |   125 |    73 ||   198
       Punch             |     1 |       ||     1
Throw: Stone             |       |     3 ||     3
 Stab: Sleeping          |     1 |     1 ||     2
Armor: Robe              |    62 |    27 ||    89
Dodge: Dodged            |    83 |    42 ||   125
